AoeStats
← danigomezrinaldi

Arabia

510640887Analyzed
1v1 RM · 12h ago on Oct 1, 2026· 26m 42s· 2 players
Game mode
Random Map
Map size
Tiny (2 player)
Population
200
Speed
Normal
Resources
Standard
Victory
Conquest
Starting age
Dark Age
Ending age
Imperial Age
RankedLock teamsTeams togetherTeam positionsShared explorationLock speedFull tech treeHidden civsTurbo modeCheats
Victory
Defeat
🇨🇴 Bohemians · Colombia
995
+16
🇦🇷 Franks · Argentina
996
-16
Pizza
8:26 Loom
10:41 Feudal Age
15:43 Castle Age
danigomezrinaldi
10:29 Loom
12:14 Feudal Age
13:54 Double-Bit Axe
16:53 Castle Age
14:45 Gold Mining
16:49 Stone Mining
18:05 Bow Saw
25:30 Wheelbarrow
25:36 Scale Barding Armor
Connection lost

Rejoining the realm…

Still unreachable

The connection could not be restored.

Session expired

The server has moved on; the page needs a fresh start.